 Dungeon Crawl Stone Soup version 0.26.1-2-gb8aa6d0cf2 (webtiles) character file.

Game seed: 9424858822505377267

5393 Groucho the Unseen (level 10, -8/44 HPs)
             Began as a Spriggan Enchanter on Feb 21, 2021.
             Was a Believer of Kikubaaqudgha.
             Killed from afar by a swamp worm (15 damage)
             ... with a harpoon shot
             ... on level 9 of the Dungeon.
             The game lasted 00:32:41 (20117 turns).

Groucho the Unseen (Spriggan Enchanter)            Turns: 20117, Time: 00:32:42

Health: -8/44      AC: 12    Str:  7    XL:     10   Next: 39%
Magic:  7/21       EV: 24    Int: 17    God:    Kikubaaqudgha [**....]
Gold:   522        SH:  0    Dex: 17    Spells: 13/22 levels left

rFire    . . .     SeeInvis +   x - +3 dagger (protect)
rCold    . . .     Faith    .   (shield restricted)
rNeg     + . .     Spirit   .   u - +0 robe (curse)
rPois    .         Reflect  .   (helmet restricted)
rElec    .         Harm     .   T - +2 cloak {Stlth+}
rCorr    .         Rampage  .   (gloves unavailable)
Will     +....                  (boots unavailable)
Stlth    ++++++....             (no amulet)
HPRegen  0.14/turn              M - ring of wizardry
MPRegen  0.17/turn              I - ring of positive energy

@: protection aura, very quick
A: very small, unfitting armour, see invisible, speed 3
a: Renounce Religion, Receive Corpses


You were on level 9 of the Dungeon.
You worshipped Kikubaaqudgha.
Kikubaaqudgha was pleased with you.
You visited 2 branches of the dungeon, and saw 10 of its levels.

You collected 522 gold pieces.

Inventory:

Hand Weapons
 a - a +1 dagger
 x - a +3 dagger of protection (weapon)
 W - a +0 dagger of venom
Missiles
 c - 469 stones (quivered)
 h - 13 poisoned darts
 v - 3 atropa-tipped darts
 H - 13 boomerangs
Armour
 f - a +0 buckler
 u - a cursed +0 robe (worn)
 R - +0 steam dragon scales
 T - a +2 cloak of stealth (worn)
Jewellery
 G - an uncursed ring of willpower
 I - a ring of positive energy (right hand)
 J - an uncursed ring of positive energy
 L - an uncursed ring of willpower
 M - a ring of wizardry (left hand)
 P - an uncursed ring of protection from cold
Wands
 b - a wand of paralysis (6)
 s - a wand of flame (54)
 A - a wand of random effects (15)
 F - a wand of polymorph (15)
 O - a wand of disintegration (13)
 S - a wand of iceblast (10)
Scrolls
 d - 2 scrolls of blinking
 e - 5 scrolls of identify
 l - 2 scrolls of enchant weapon
 m - a scroll of fog
 p - a scroll of fear
 y - a scroll of remove curse {unknown}
 z - 2 scrolls of teleportation
 D - a scroll of enchant armour {unknown}
 E - a scroll of magic mapping {unknown}
 N - a scroll of random uselessness {unknown}
 Q - a scroll of immolation
 U - a scroll of noise {unknown}
Potions
 g - 3 potions of attraction {unknown}
 i - a potion of heal wounds
 j - a potion of cancellation
 k - 2 potions of ambrosia
 n - a potion of resistance {unknown}
 o - 2 potions of brilliance
 q - a potion of lignification
 r - 3 potions of curing
 t - a potion of berserk rage {unknown}
 w - a potion of flight {unknown}
 B - 2 potions of magic {unknown}
 C - 2 potions of invisibility
 K - 3 potions of might {unknown}
Miscellaneous
 V - a phantom mirror


   Skills:
 - Level 1.1 Short Blades
 + Level 8.1 Dodging
 - Level 15.2 Stealth
 + Level 6.8 Spellcasting
 + Level 7.3 Hexes
 + Level 4.6 Necromancy
 + Level 6.8 Evocations


You had 13 spell levels left.
You knew the following spells:

 Your Spells              Type           Power        Failure   Level
a - Corona                Hex            33%          1%          1
b - Ensorcelled Hibernat  Hex/Ice        36%          1%          2
c - Confusing Touch       Hex            30%          1%          3
d - Tukima's Dance        Hex            30%          1%          3

Your spell library contained the following spells:

 Spells                   Type           Power        Failure   Level
 Animate Skeleton         Necr           42%          1%          1
 Pain                     Necr           84%          1%          1
 Sublimation of Blood     Necr           10%          1%          2
 Vampiric Draining        Necr           10%          2%          3
 Dazzling Flash           Conj/Hex       36%          3%          3


Dungeon Overview and Level Annotations

Branches:
Dungeon (9/15)             Temple (1/1) D:6            Lair (0/6) D:9
    Orc: D:9-12

Altars:
Ashenzari
Cheibriados
Dithmenos
Elyvilon
Fedhas
Gozag
Hepliaklqana
Kikubaaqudgha
Makhleb
Okawaru
Qazlal
Ru
Sif Muna
Trog
Uskayaw
Vehumet
Wu Jian
Xom
Yredelemnul
Zin
The Shining One


Innate Abilities, Weirdness & Mutations

You are very small and have problems with some larger weapons.
You are too small for most types of armour.
You have supernaturally acute eyesight. (SInv)
You cover ground extremely quickly.


Message History

Casting: Ensorcelled Hibernation (safe; 1% risk of failure)
Confirm with . or Enter, or press ? or * to list all spells.
Your hands begin to glow red.
The orc wizard closely misses you. The swamp worm closely misses you.
You catch the helpless orc wizard completely off-guard!
You hit the orc wizard but do no damage.
The orc wizard appears confused.
The orc wizard is lightly wounded.
The swamp worm bites you!!
The orc wizard hits you with a cursed +0 dagger.
Unknown command.
You hit the swamp worm.
Your weapon exudes an aura of protection.
The swamp worm is lightly wounded.
The swamp worm bites you!
* * * LOW HITPOINT WARNING * * *
The swamp worm fires a harpoon shot at you.
The harpoon shot hits you!
You die...
Kikubaaqudgha rasps: "You have failed me!
Welcome... death!"

####.....## ##.
#.#.......# #..
######.#.......# #...
............... #...
#............. #...#
#........>....
##....#######.............
#.....)o.@...†............
#..#..w.####.....#.......#
##.### ###...#.......# #.
#...##.....## #.
#...###...## #.
...##......# ##....
...####.....# ###....#
....###......## ......##
#........#


You could see a swamp worm and an orc wizard (confused).

Vanquished Creatures
  Maurice (D:8)
  Maggie (D:7)
  A troll (D:9)
  7 yaks (D:9)
  A steam dragon (D:8)
  Grum (D:8)
  A warg (D:9)
  2 sky beasts (D:8)
  3 orc warriors
  An ice beast (D:9)
  4 wolves (D:8)
  2 centaurs (D:9)
  4 ogres
  2 bullfrogs
  3 scorpions
  10 wights
  2 quasits (D:8)
  2 jellies
  8 orc wizards
  An orc priest (D:3)
  A gnoll shaman (D:6)
  7 hounds
  2 iguanas
  Jessica (D:2)
  3 worker ants
  A hound skeleton (D:7)
  2 worker ant zombies
  A howler monkey skeleton (D:6)
  10 gnolls
  11 adders
  2 white imps (D:8)
  An ufetubus (D:9)
  An adder skeleton (D:8)
  An adder zombie (D:8)
  4 worms
  3 dart slugs
  7 leopard geckos
  10 orcs
  7 bats
  12 giant cockroaches
  7 goblins
  16 hobgoblins
  6 jackals
  10 kobolds
  4 quokkas
  4 ball pythons
  5 frilled lizards
  A jackal skeleton (D:4)
  7 rats
204 creatures vanquished.

Vanquished Creatures (others)
  An orc wizard (D:7)
  2 orcs (D:7)
  2 plants (D:9)
5 creatures vanquished.

Grand Total: 209 creatures vanquished

Notes
Turn   | Place    | Note
-------+----------+-------------------------------------------
     0 | D:1      | Groucho the Spriggan Enchanter began the quest for the Orb.
     0 | D:1      | Reached XP level 1. HP: 9/9 MP: 5/5
    73 | D:1      | Reached skill level 5 in Stealth
   156 | D:1      | Reached XP level 2. HP: 13/13 MP: 6/6
   159 | D:1      | Learned a level 2 spell: Ensorcelled Hibernation
   429 | D:1      | Reached skill level 6 in Stealth
  1517 | D:1      | Reached XP level 3. HP: 16/16 MP: 5/8
  2030 | D:1      | Learned a level 3 spell: Confusing Touch
  2579 | D:2      | Reached skill level 7 in Stealth
  3094 | D:2      | Reached XP level 4. HP: 19/21 MP: 9/9
  3333 | D:2      | Reached skill level 8 in Stealth
  3444 | D:2      | Noticed Jessica
  3451 | D:2      | Killed Jessica
  3592 | D:2      | Found a burning altar of Makhleb.
  3596 | D:2      | Reached skill level 9 in Stealth
  3596 | D:2      | Reached XP level 5. HP: 24/24 MP: 10/10
  4190 | D:3      | Found a faded altar of an unknown god.
  6514 | D:3      | Reached skill level 10 in Stealth
  6611 | D:3      | Found an ancient bone altar of Kikubaaqudgha.
  6621 | D:3      | Became a worshipper of Kikubaaqudgha
  6682 | D:3      | Reached XP level 6. HP: 23/28 MP: 8/11
  7599 | D:4      | Reached skill level 11 in Stealth
  8229 | D:5      | Entered Level 5 of the Dungeon
  8358 | D:5      | Found a radiant altar of Vehumet.
  9108 | D:6      | Found a staircase to the Ecumenical Temple.
  9734 | Temple   | Entered the Ecumenical Temple
 10443 | D:6      | Reached skill level 12 in Stealth
 10443 | D:6      | Reached XP level 7. HP: 31/32 MP: 12/12
 10562 | D:6      | Reached * piety under Kikubaaqudgha
 10562 | D:6      | Identified Kikubaaqudgha's Compendium of Dark Magic
                  | (Kikubaaqudgha gifted it to you on level 6 of the Dungeon)
 10562 | D:6      | Received a gift from Kikubaaqudgha
 10568 | D:6      | Learned a level 3 spell: Tukima's Dance
 11632 | D:6      | Reached skill level 13 in Stealth
 12358 | D:6      | Reached skill level 14 in Stealth
 12454 | D:6      | Reached XP level 8. HP: 36/36 MP: 9/13
 13404 | D:7      | Found a sacrificial altar of Ru.
 13755 | D:7      | Found a stormy altar of Qazlal.
 14007 | D:7      | Reached skill level 15 in Stealth
 14550 | D:7      | Reached skill level 1 in Evocations
 14566 | D:7      | Found a bloodstained altar of Trog.
 15153 | D:7      | Noticed Maggie
 15156 | D:7      | Killed Maggie
 15157 | D:7      | Reached skill level 1 in Necromancy
 15478 | D:8      | Noticed Maurice
 15482 | D:8      | Killed Maurice
 15483 | D:8      | Reached XP level 9. HP: 39/39 MP: 14/16
 16101 | D:8      | Reached skill level 5 in Hexes
 16230 | D:8      | Noticed Grum
 16256 | D:8      | Reached skill level 5 in Dodging
 16281 | D:8      | Killed Grum
 16536 | D:8      | Reached skill level 5 in Spellcasting
 16785 | D:8      | Reached ** piety under Kikubaaqudgha
 17161 | D:8      | Reached skill level 5 in Evocations
 18647 | D:9      | Reached XP level 10. HP: 33/44 MP: 13/20
 20015 | D:9      | Found a staircase to the Lair.
 20117 | D:9      | Killed from afar by a swamp worm

Illustrated notes

Levels and vault maps discovered:
D:1:      dpeg_arrival_prison, layout_loops_ring, minmay_crystal_room
D:2:      layout_loops_ring, makhleb_heckhound_becter, minivault_4,
          serial_bayou_pond_e, minmay_pentomino_q4, uniq_jessica
D:3:      layout_basic, lemuel_coloured_pillars_altar,
          chequers_ecumenical_altar_simple_redux
D:4:      layout_loops_ring
D:5:      layout_basic, vehumet_altar_wand_db
D:6:      layout_basic, minmay_temple_entry_purple_smoke
D:7:      layout_loops_ring, nicolae_ru_great_annihilating_truth,
          grunt_qazlal_clouds, trog_hazing_becter, uniq_maggie
D:8:      layout_loops_ring, grunt_tough_drop, uniq_grum, uniq_maurice
D:9:      layout_layer_cave, general_overflow_altar, erik_lair_orcish_takeover,
          worms_lemuel
Temple:   lightli_temple_of_artemis

Skill      XL: |  1  2  3  4  5  6  7  8  9 10 |
---------------+-------------------------------+-----
Stealth        | 5 6 7 9 10 12 14 15 | 15.2
Spellcasting   | 4 6 |  6.8
Evocations     | 3 5 6 |  6.8
Dodging        | 4 7 8 |  8.1
Hexes          | 4 6 7 |  7.3
Necromancy     | 2 4 |  4.6
Short Blades   | |  1.1

Action                   |  1- 3 |  4- 6 |  7- 9 | 10-12 || total
-------------------------+-------+-------+-------+-------++-------
Melee: Dagger            |   108 |   115 |   372 |    67 ||   662
Throw: Stone             |    29 |     3 |    14 |     2 ||    48
 Cast: Ensorcelled Hiber |    26 |    25 |    51 |    16 ||   118
       Confusing Touch   |     1 |     6 |    32 |    11 ||    50
  Use: Scroll            |       |     5 |     5 |       ||    10
       Potion            |       |       |     8 |       ||     8
 Stab: Sleeping          |    32 |    48 |    45 |     7 ||   132
       Confused          |       |     3 |    27 |    12 ||    42
       Distracted        |       |       |     1 |       ||     1
Armor: Robe              |     9 |     5 |    40 |     3 ||    57
Dodge: Dodged            |    74 |    46 |   278 |    60 ||   458
